[Event "Betsys MČR v online bleskovém šachu 2021"]
[Site "Chess.com"]
[Date "2021.04.17"]
[Round "8"]
[White "David_Mic"]
[Black "KajaOl"]
[Result "1/2-1/2"]
[WhiteElo "1996"]
[BlackElo "2262"]
[TimeControl "180+1"]
[EndTime "10:22:27 PDT"]
[Termination "Remíza vypršením času s nedostatkem materiálu"]

1. e4 Nf6 2. e5 Nd5 3. Nc3 Nxc3 4.
dxc3 d6 5. Bc4 e6 6. Bf4 d5 7. Bd3 c5 8. c4 Nc6 9. Nf3 Be7 10. O-O a6 11. c3 dxc4 12. Bxc4 b5 13. Bd3 Bb7 14.
Qc2 h6 15. Rad1 Qc7 16. Rfe1 Rd8 17. Be4 O-O 18. Rxd8 Rxd8 19. Rd1 Rxd1+ 20. Qxd1 Qd8 21. Qxd8+ Nxd8 22. Bxb7 Nxb7 23. Nd2 g5 24. Be3 Kg7 25. Ne4 Kg6 26. g4 c4 27. Kg2 Bd8 28. Kf3 Bc7 29.
Bd4 Nd8 30. Nd6 Nc6 31. Ke4 f6 32. Ne8 Bxe5 33. Bxe5 Nxe5 34. f3 Nd3 35. Nc7 Nxb2 36. Nxa6 Nd1 37. Kd4 e5+ 38. Kc5 Nxc3 39. Nc7 Nxa2 40.
Nxb5 c3 41. Na3 f5 42. Kc4 e4 43. fxe4 fxe4 44. Kb3 Nc1+ 45. Kxc3 Nd3 46. Kd4 Nf2 47. Nc2 Nxg4 48. Kxe4 Nxh2 49. Ne3 h5 50. Kd3 Ng4 51. Ng2 h4 52. Ke4 Kf6 53. Kf3 Kf5 54. Ne1 h3 55.
Kg3 h2 56. Kg2 Kf4 57. Nf3 1/2-1/2

[Event "Betsys MČR v online bleskovém šachu 2021"]
[Site "Chess.com"]
[Date "2021.04.17"]
[Round "8"]
[White "FutureFideMasseur"]
[Black "MartinCerveny"]
[Result "0-1"]
[WhiteElo "2440"]
[BlackElo "2661"]
[TimeControl "180+1"]
[EndTime "10:22:28 PDT"]
[Termination "Uživatel MartinCerveny zvítězil po vzdání soupeře"]

1. d4 d6 2. c4 e5 3. d5 a5 4.
e4 Nd7 5. Nc3 Nc5 6. Nge2 Nf6 7. Ng3 g6 8. Be2 h5 9. h4 Be7 10. Bg5 Bg4 11. Bxg4 Nxg4 12. Bxe7 Qxe7 13. f3 Nh6 14. Qd2 f5 15. O-O-O f4 16. Nge2 O-O-O 17. Nb5 b6 18. Kb1 Kb7 19. Nc1 g5 20. Nd3 gxh4 21. Nxc5+ dxc5 22. Qf2 Nf7 23. Rxh4 Qg5 24. Rdh1 Rdg8 25.
R4h2 Nd6 26. Nxd6+ cxd6 27. Qc2 h4 28. Qa4 Qd8 29.
Qc6+ Ka7 30. a3 Rg7 31. Ka2 Rc7 32. Qb5 Qg5 33. Qa4 Qg3 34. Qb5 Qf2 35. Rc1 h3 36.
Rxh3 Rxh3 37. gxh3 Qxf3 38. Rg1 Qxe4 39. Rg8 f3 40. Rf8 Qd3 41. Rf6 f2 42. Rxf2 Qxh3 43.
Rf6 Qd7 44. Qb3 a4 45. Qc3 Qe7 46. Re6 Qf8 47. Qc2 Kb7 48. Qxa4 Qa8 49. Qb5 Qa5 50. Qxa5 bxa5 51. Rxd6 Re7 52. Re6 Rxe6 53. dxe6 Kc6 54. Kb3 Kd6 55. Kc3 Kxe6 56. b3 Kf5 57. Kd3 Kf4 58. Ke2 Ke4 59. b4 cxb4 60. axb4 axb4 61. c5 Kd5 62. Kd3 Kxc5 0-1

[Event "Betsys MČR v online bleskovém šachu 2021"]
[Site "Chess.com"]
[Date "2021.04.17"]
[Round "8"]
[White "Ladislav1969"]
[Black "Innerz98"]
[Result "1-0"]
[WhiteElo "2321"]
[BlackElo "2120"]
[TimeControl "180+1"]
[EndTime "10:22:29 PDT"]
[Termination "Uživatel Ladislav1969 zvítězil matem"]

1. e4 e5 2. Bc4 Nf6 3. d3 Bc5 4. Nf3 d6 5. c3 c6 6. O-O Be6 7. Qe2 Nbd7 8. b4 Bb6 9. Bb3 O-O 10. Bg5 Re8 11. Nbd2 Nf8 12. Nc4 Bc7 13. Ne3 Ng6 14. Nf5 h6 15. Bd2 d5 16. Rad1 Qd7 17. N3h4 Nxh4 18.
Nxh4 Bg4 19. f3 Bh5 20. Nf5 Bg6 21. g4 Rad8 22. Be3 a5 23. a3 axb4 24. axb4 Ra8 25. Ra1 Red8 26. Qf2 Nh7 27. Qh4 Bxf5 28. gxf5 d4 29.
cxd4 exd4 30. Bxh6 gxh6 31. Qxh6 Qd6 32. Qh5 Kh8 33. Rab1 Rg8+ 34. Kh1 Rg5 35. Qh3 Rag8 36. Bxf7 R8g7 37. Bg6 Kg8 38. Rg1 Rxg1+ 39. Rxg1 Qf4 40.
Bxh7+ Kf8 41. Bg6 Ke7 42. Rg4 Qe3 43. Qh4+ Kd6 44. Qg3+ Ke7 45. Qh4+ Kd6 46. Qh3 Qe1+ 47. Rg1 Qe3 48. Qg3+ Kd7 49. Qh3 Qf4 50. f6+ Kd6 51.
fxg7 Qe3 52. g8=Q Qg5 53. Qf8+ Ke5 54. Qe8+ Kf4 55. Qf7+ Ke3 56. Qff5 Kd2 57. Qxg5+ Kc2 58. Qhg2+ Kc3 59. Q5d2+ Kb3 60. Rb1+ Ka4 61. Qa2+ Kb5 62. Qc4+ Kb6 63. Qc5+ Ka6 64. Ra1+ Ba5 65. Rxa5# 1-0

[Event "Betsys MČR v online bleskovém šachu 2021"]
[Site "Chess.com"]
[Date "2021.04.17"]
[Round "8"]
[White "jachymcarostrelec4"]
[Black "rolkento"]
[Result "0-1"]
[WhiteElo "1960"]
[BlackElo "2232"]
[TimeControl "180+1"]
[EndTime "10:22:29 PDT"]
[Termination "Uživatel rolkento zvítězil na čas"]

1. d4 d5 2. c4 c6 3. Nc3 Nf6 4. cxd5 cxd5 5. Bf4 Nc6 6. e3 e6 7. Bb5 Bd7 8. Nf3 Be7 9. a3 O-O 10. O-O Rc8 11. Rc1 a6 12. Ba4 b5 13. Bc2 Na5 14. Bb1 Nc4 15. Be5 g6 16. Qe2 Qa5 17. Bd3 Nxe5 18. dxe5 Nh5 19. Nd4 Ng7 20. Nb1 Nf5 21. Bxf5 gxf5 22. b4 Qb6 23. Nb3 Qb8 24.
f4 Kh8 25. N1d2 f6 26. Nf3 Rc4 27. Na5 Rxc1 28. Rxc1 Rc8 29. Qd2 Be8 30. Nd4 Rxc1+ 31. Qxc1 fxe5 32. Nxe6 Qd6 33. Nc5 d4 34. Nab7 Qd5 35.
fxe5 Bc6 36. Qd2 Bxb7 37. Nxb7 Qxb7 38. Qxd4 Kg7 39. e6+ Bf6 40. Qd6 Qe7 41. Qxa6 Bg5 42.
Kf2 Kf6 43. Qxb5 Qxe6 44. Qc5 Qe5 45. Qc6+ Qe6 46. Qc3+ Kg6 47. a4 f4 48. exf4 Bxf4 49.
Qd3+ Qf5 50. Qxf5+ Kxf5 51. g3 Bd2 52. b5 Ba5 53. Ke3 Kg4 54. Kf2 Bb6+ 55. Kg2 h5 56.
h3+ Kg5 57. Kf3 Ba5 58. h4+ Kf5 59. Kg2 Bc7 0-1

[Event "Betsys MČR v online bleskovém šachu 2021"]
[Site "Chess.com"]
[Date "2021.04.17"]
[Round "8"]
[White "stripe122"]
[Black "Klapuch05"]
[Result "1-0"]
[WhiteElo "1793"]
[BlackElo "1561"]
[TimeControl "180+1"]
[EndTime "10:22:33 PDT"]
[Termination "Uživatel stripe122 zvítězil matem"]

1. e4 c5 2. Nf3 d6 3. d4 cxd4 4. Nxd4 Nf6 5. Nc3 g6 6. Be3 Bg7 7.
Be2 O-O 8. O-O Nc6 9. Nb3 Be6 10.
f4 d5 11. e5 Nd7 12. Nxd5 Bxd5 13. Qxd5 Rc8 14. Rad1 Nb6 15. Qf3 Qc7 16. c3 Rfd8 17. Nd4 Nxd4 18. Rxd4 Rxd4 19. Bxd4 e6 20. Rd1 Nd5 21.
Qg3 Bh6 22. Rf1 Bf8 23. Bf3 Rd8 24. Bxd5 Rxd5 25. Qe3 b6 26. Rf2 Bc5 27. Rd2 Bxd4 28. Rxd4 Qc5 29. Kf2 Rxd4 30. Qxd4 Qb5 31. b3 Qa5 32. a4 Qa6 33. Ke3 Qb7 34. b4 Qxg2 35. Qd2 Qg1+ 36. Qf2 Qc1+ 37. Qd2 Qg1+ 38. Ke4 Qa1 39.
Qc2 Qe1+ 40. Kd4 Qg1+ 41. Kc4 Qf1+ 42. Qd3 Qxf4+ 43. Qd4 Qxh2 44. Qd8+ Kg7 45. Qf6+ Kh6 46. Kb5 Qe2+ 47. Kc6 Qc4+ 48. Kd7 Qd5+ 49. Ke8 Qa8+ 50. Kxf7 Qb7+ 51. Kxe6 Qc6+ 52. Kf7 Qd7+ 53. Qe7 Qf5+ 54.
Qf6 Qd7+ 55. Kg8 Qe8+ 56. Qf8+ Qxf8+ 57. Kxf8 g5 58. e6 g4 59. e7 g3 60. e8=Q g2 61.
Qe1 Kh5 62. Qg1 Kg4 63. Qxg2+ Kh4 64. Qh2+ Kg4 65. Qxh7 Kf3 66. Qxa7 Ke3 67. Qxb6+ Kd3 68. Qc5 Kc2 69. a5 Kb3 70. a6 Ka2 71. a7 Kb1 72.
a8=Q Kc1 73. Qa2 Kd1 74. Qg1# 1-0

[Event "Betsys MČR v online bleskovém šachu 2021"]
[Site "Chess.com"]
[Date "2021.04.17"]
[Round "8"]
[White "malviny"]
[Black "TTCZ"]
[Result "1/2-1/2"]
[WhiteElo "1168"]
[BlackElo "1453"]
[TimeControl "180+1"]
[EndTime "10:22:35 PDT"]
[Termination "Remíza patem"]

1. e4 e6 2. Nf3 d5 3. exd5 exd5 4. d4 Nf6 5. Nc3 Bb4 6. Bd2 c6 7. Bd3 Be6 8. O-O h6 9. Ne5 O-O 10. Qf3 Nbd7 11. a3 Bd6 12. b4 Bxe5 13. dxe5 Nxe5 14. Qg3 Nxd3 15. Bxh6 Nh5 16. Qg5 Qxg5 17. Bxg5 Nb2 18. Ne2 Nc4 19. h3 g6 20. g4 Ng7 21. Bf6 Nd2 22. Rfd1 Ne4 23. Be5 Rfe8 24. f3 f6 25.
Bd4 Nd6 26. Bxf6 Kf7 27. Be5 Rad8 28. Nf4 Re7 29. Re1 Nb5 30. Bb2 d4 31. a4 Nc3 32.
Bxc3 dxc3 33. Nxe6 Nxe6 34. Re3 Rd2 35. Rxc3 Nd4 36.
Rf1 Rxc2 37. Rd3 Ne6 38. Rdd1 Re2 39. Rf2 Rxf2 40. Kxf2 Kf6 41. Re1 g5 42. Kg3 Nf4 43.
Re4 Rxe4 44. fxe4 Ke5 45. Kf3 Nd3 46. b5 cxb5 47. axb5 b6 48. Ke3 Nc5 49. Kf3 Nxe4 50. h4 gxh4 51. g5 Nxg5+ 52. Kg4 Kf6 53. Kxh4 Ne4 54. Kg4 Nc3 55. Kf3 Nxb5 56. Ke3 Ke6 57. Kd3 Kd6 58. Kc4 Kc6 59. Kb4 a6 60. Ka4 Kc5 61. Kb3 a5 62. Kc2 Nd4+ 63. Kd3 b5 64. Kc3 a4 65. Kb2 Kc4 66. Ka3 Nc2+ 67. Kb2 Nb4 68.
Ka3 Kc5 69. Kb2 Kb6 70. Ka3 Ka5 71. Kb2 Nd5 72. Ka3 b4+ 73. Kb2 a3+ 74. Kb3 Nc3 75. Kc2 Ka4 76. Kc1 a2 77. Kb2 b3 78. Ka1 Kb4 79. Kb2 Na4+ 80. Ka1 Kc4 1/2-1/2

[Event "Betsys MČR v online bleskovém šachu 2021"]
[Site "Chess.com"]
[Date "2021.04.17"]
[Round "8"]
[White "sipos88"]
[Black "phil3"]
[Result "1/2-1/2"]
[WhiteElo "1877"]
[BlackElo "2132"]
[TimeControl "180+1"]
[EndTime "10:22:38 PDT"]
[Termination "Remíza dohodou"]

1. e4 e5 2. Bc4 Nf6 3. Nc3 Nxe4 4. Nxe4 d5 5. Bxd5 Qxd5 6. f3 Bf5 7. d3 Nc6 8. Be3 Bg6 9. Ne2 f5 10. N4c3 Qd7 11. Qd2 O-O-O 12. O-O-O Bf7 13. f4 exf4 14. Nxf4 Nb4 15. a3 Nc6 16. Qf2 a6 17. Rhe1 g5 18.
Nfe2 f4 19. Bc5 Bg7 20. g3 fxg3 21. Qxg3 h6 22. Ne4 Rhe8 23. Rf1 Bg6 24. N2c3 Nd4 25. Nd2 Qc6 26. Bxd4 Bxd4 27. Rde1 Bxc3 28. bxc3 Qxc3 29. Rxe8 Rxe8 30. Qg4+ Kb8 31. Qb4 Qxb4 32. axb4 Re2 33. Rf6 Re1+ 34. Kb2 Re2 35. Rxg6 Rxd2 36. Rxh6 Rg2 37.
Kc3 Ka8 38. d4 Ka7 39. Kd3 a5 40. bxa5 Rg4 41. c4 Rg2 42. Ke4 Re2+ 43. Kd5 Ra2 44. c5 Rxa5 45. Rh5 Ra2 46. Ke6 Rg2 47. d5 Re2+ 48. Kd7 Rd2 49. d6 cxd6 50. cxd6 b5 51. Rxg5 Kb6 52. h4 b4 53. h5 b3 54. Rg3 b2 55.
Rb3+ Kc5 56. h6 Rxd6+ 57. Ke7 Rxh6 58. Rxb2 Rh7+ 59. Kf6 Rh3 60. Ke5 Rh5+ 61. Ke6 Rh6+ 62.
Ke5 Rh5+ 63. Kf4 Rh8 64. Rc2+ Kd4 65. Rd2+ Kc3 66. Rd7 Rf8+ 67. Ke5 Re8+ 68. Kf4 Rf8+ 69. Ke5 1/2-1/2

[Event "Betsys MČR v online bleskovém šachu 2021"]
[Site "Chess.com"]
[Date "2021.04.17"]
[Round "8"]
[White "Koli05"]
[Black "ghostdog777"]
[Result "0-1"]
[WhiteElo "1840"]
[BlackElo "2138"]
[TimeControl "180+1"]
[EndTime "10:22:38 PDT"]
[Termination "Uživatel ghostdog777 zvítězil na čas"]

1. d4 d5 2. c4 c6 3. cxd5 cxd5 4. Bf4 Nc6 5. e3 Qb6 6. Qb3 Qxb3 7. axb3 f6 8. Nf3 g5 9. Bg3 e6 10. Nc3 Bd7 11.
Nb5 Rc8 12. Nd6+ Bxd6 13. Bxd6 Nge7 14. Bd3 Nf5 15. Bxf5 exf5 16. O-O Be6 17. Ne1 Kd7 18.
Bc5 b6 19. Ba3 Na5 20. b4 Nb3 21. Rd1 Rc7 22. Nd3 Rhc8 23. h3 Kc6 24. f4 h6 25.
fxg5 hxg5 26. g4 Kb5 27. gxf5 Bf7 28. Nf2 Bh5 29. Ng4 Rc6 30. Kg2 Re8 31. Rde1 Rc2+ 32.
Rf2 Rxf2+ 33. Nxf2 Nd2 34. Re2 Ne4 35. Re1 Rc8 36.
Nxe4 dxe4 37. Rf1 Bf3+ 38. Kg3 Rc2 39. Rf2 Rc1 40. b3 Rg1+ 41. Kh2 Rh1+ 42. Kg3 Rg1+ 43. Kh2 Re1 44. Kg3 Rxe3 45. Kh2 Rxb3 46. Bc1 Rxb4 47. Bxg5 fxg5 48. Rxf3 exf3 49. f6 Rxd4 50. f7 Rf4 51. Kg3 Rxf7 52. Kf2 Kc4 53. Kf1 f2 54. h4 Kd4 55. hxg5 Ke3 56. g6 Rd7 57. g7 Rd1+ 58. Kg2 Rg1+ 59. Kh2 Rxg7 60. Kh3 f1=Q+ 61. Kh4 Qh3+ 0-1

[Event "Betsys MČR v online bleskovém šachu 2021"]
[Site "Chess.com"]
[Date "2021.04.17"]
[Round "8"]
[White "Bavorak15"]
[Black "PetrSoucek"]
[Result "1/2-1/2"]
[WhiteElo "1630"]
[BlackElo "2004"]
[TimeControl "180+1"]
[EndTime "10:22:43 PDT"]
[Termination "Remíza – nedostatek materiálu"]

1. e4 c5 2. Nf3 d6 3. d4 cxd4 4. Nxd4 Nf6 5. Nc3 g6 6. f4 Nc6 7. Nxc6 bxc6 8. g4 Bxg4 9. Be2 Bxe2 10. Qxe2 Bg7 11. Be3 O-O 12. f5 d5 13. e5 Nd7 14. fxg6 fxg6 15. e6 Ne5 16. O-O-O Rb8 17. Bd4 Nc4 18. Bxg7 Kxg7 19. b3 Qa5 20. Na4 Nb6 21.
Qe5+ Kg8 22. Qc7 Qb4 23. Nxb6 Rxb6 24. Rhf1 Rbb8 25. Qxa7 Qc3 26. Qd4 Qxd4 27. Rxf8+ Rxf8 28. Rxd4 Rf6 29. a4 Rxe6 30. a5 Rd6 31. a6 Rd8 32. a7 Ra8 33. Ra4 Kf7 34. Ra6 h5 35. Kd2 g5 36. Ke3 g4 37. Kf4 e5+ 38. Kxe5 Ke7 39. Kf4 Kd7 40. Kg5 Kd6 41. Kxh5 Kc5 42. Kxg4 Kb5 43. Ra2 c5 44. c3 c4 45. bxc4+ Kxc4 46. Ra3 d4 47. cxd4 Kxd4 48. h4 Ke4 49. h5 Ke5 50. h6 Kf6 51. Kh5 Kf7 52.
Rf3+ Ke6 53. Ra3 Kf7 54. h7 Kg7 55. Rg3+ Kh8 56. Ra3 Kxh7 57. Kg5 Kg7 58. Kf5 Kf7 59. Kg5 Ke7 60. Kf5 Kd6 61. Kg6 Kc5 62. Ra2 Kb4 63.
Ra1 Kc5 64. Ra6 Kb5 65. Ra1 Kb6 66. Ra2 Rxa7 67. Rxa7 Kxa7 1/2-1/2

[Event "Betsys MČR v online bleskovém šachu 2021"]
[Site "Chess.com"]
[Date "2021.04.17"]
[Round "8"]
[White "Simaril76"]
[Black "Skalicky"]
[Result "1-0"]
[WhiteElo "721"]
[BlackElo "759"]
[TimeControl "180+1"]
[EndTime "10:22:48 PDT"]
[Termination "Uživatel Simaril76 zvítězil matem"]

1. e4 c5 2. Nf3 e6 3. d4 cxd4 4.
Nxd4 Nc6 5. Nxc6 bxc6 6. Bd3 Qc7 7. Qf3 d6 8. O-O Nf6 9. Bg5 Be7 10. Nc3 O-O 11. Rad1 Rd8 12. Bxf6 Bxf6 13. Qh3 g6 14. Rde1 Bb7 15. Ne2 Rd7 16. Nf4 Bg7 17. g3 e5 18. Ng2 Rad8 19. f4 exf4 20. Nxf4 Bxb2 21. e5 dxe5 22. Ne2 Re7 23. Rf2 Rde8 24. c4 Bd4 25. Nxd4 exd4 26. Rxe7 Rxe7 27. Kg2 Qd7 28. Rf4 Qxh3+ 29.
Kxh3 Re3 30. Bb1 Bc8+ 31. Kg2 Re2+ 32. Kf1 Rxh2 33. Rf2 Rxf2+ 34. Kxf2 Bf5 35. Bxf5 gxf5 36. Ke2 Kg7 37. Kd3 h5 38. Kxd4 Kf6 39. Ke3 Kg5 40. Kf3 h4 41. gxh4+ Kxh4 42. Kf4 Kh5 43. Kxf5 Kh6 44.
Kf6 a5 45. Kxf7 Kg5 46. Ke6 Kf4 47. Kd6 Ke4 48. Kxc6 Kd4 49. Kb5 a4 50. a3 Kc3 51.
Kxa4 Kxc4 52. Ka5 Kb3 53. a4 Ka3 54. Kb5 Kb3 55. a5 Ka3 56. a6 Kb2 57. a7 Kc2 58. a8=Q Kd2 59. Qa3 Ke2 60. Kc4 Kf2 61. Kd4 Kg2 62.
Ke4 Kf2 63. Qf3+ Ke1 64. Qg2 Kd1 65. Ke3 Kc1 66. Kd3 Kb1 67. Kc3 Ka1 68. Kb3 Kb1 69. Qg1# 1-0

[Event "Betsys MČR v online bleskovém šachu 2021"]
[Site "Chess.com"]
[Date "2021.04.17"]
[Round "8"]
[White "JindrichT_CZE"]
[Black "Tomasbezdek07"]
[Result "1-0"]
[WhiteElo "2056"]
[BlackElo "1697"]
[TimeControl "180+1"]
[EndTime "10:22:49 PDT"]
[Termination "Uživatel JindrichT_CZE zvítězil na čas"]

1. e4 d6 2. d4 Nf6 3. f3 Nbd7 4. Be3 e5 5. d5 Be7 6. Bd3 O-O 7.
Nc3 c6 8. Nge2 Ne8 9. dxc6 bxc6 10. O-O Nc7 11. Qd2 d5 12. exd5 cxd5 13. Bf2 f5 14. Nxd5 Nxd5 15. Bxf5 N7f6 16. Bd3 Qc7 17. a3 Bc5 18.
Bc4 Be6 19. Bd3 Rab8 20. b4 Bxf2+ 21. Rxf2 Rfd8 22. c4 Nf4 23. Nxf4 exf4 24. Qc2 Rbc8 25. c5 a5 26. Re1 Bf7 27. Ba6 axb4 28. Bxc8 Rxc8 29.
axb4 Qb7 30. Qb2 Rb8 31. Rc1 Qxb4 32. Qxb4 Rxb4 33. c6 Rb8 34. c7 Rc8 35. Rd2 Be6 36. Rd8+ Kf7 37. Rc4 Ke7 38. Rxf4 Rxc7 39. Ra8 Rc1+ 40.
Kf2 Rc2+ 41. Kg1 Bc4 42. Ra7+ Ke6 43. Rxg7 Rc1+ 44. Kf2 Rf1+ 45. Kg3 Nh5+ 46. Kg4 Nxg7 47. Rxc4 Rf2 48. Kg3 Rd2 49. Rc6+ Rd6 50. Rc7 Rd7 51.
Rc6+ Kf7 52. Ra6 Nf5+ 53. Kg4 Ne3+ 54. Kg3 Rd2 55. Ra7+ Kg6 56. Ra6+ Kg5 57. Ra5+ Nf5+ 58. Kh3 Kg6 59. Ra6+ Kg7 60. g4 Nd4 61. Kg3 Rd3 62. Kh4 Rxf3 63. h3 1-0

[Event "Betsys MČR v online bleskovém šachu 2021"]
[Site "Chess.com"]
[Date "2021.04.17"]
[Round "8"]
[White "Paulz64"]
[Black "Millbo64"]
[Result "1-0"]
[WhiteElo "2473"]
[BlackElo "1995"]
[TimeControl "180+1"]
[EndTime "10:22:55 PDT"]
[Termination "Uživatel Paulz64 zvítězil po vzdání soupeře"]

1. d4 c6 2. c4 d5 3. Nf3 Nf6 4. Qc2 Bg4 5. Ne5 Bh5 6. Qb3 Qb6 7. Qh3 dxc4 8. Qc8+ Qd8 9. Qxb7 Nbd7 10. Nxc6 Qc8 11.
Qxc8+ Rxc8 12. Ne5 Nb6 13. Nc3 e6 14. e3 Nfd5 15.
Bd2 f6 16. Nf3 Be7 17. Be2 O-O 18. O-O Bf7 19. Rfc1 a6 20. Be1 Rc7 21. e4 Nf4 22.
Bf1 Rfc8 23. Rd1 Bh5 24. Rac1 Bxf3 25. gxf3 g5 26. Bd2 Ng6 27. Be3 Nd7 28. Ne2 Kf7 29. Rc2 h6 30. Rdc1 f5 31. Nc3 f4 32. Bd2 Nh4 33. Be2 Bb4 34. Na4 Bxd2 35. Rxd2 Rb8 36. Rdc2 Rbc8 37. Rxc4 Rxc4 38. Rxc4 Rxc4 39. Bxc4 a5 40. Be2 Ke7 41. Nc3 Nb6 42. Kf1 Kd6 43. Ke1 Ng6 44. Kd2 Ne7 45. Nb5+ Kc6 46. Nc3 h5 47. Bb5+ Kc7 48. Be2 Nc6 49. Nb5+ Kd7 50. a3 Nc8 51. Kc3 Nd6 52. Nxd6 Kxd6 53. b4 axb4+ 54.
axb4 Ne7 55. b5 Nc8 56. Kb4 Kc7 57. Kc5 Nb6 58. d5 exd5 59. exd5 Nd7+ 60. Kd4 Kd6 61. Bd3 Nb6 62. Bg6 Nxd5 63. Bxh5 Nb6 64. Bg6 Ke6 65.
Kc5 Na4+ 66. Kc6 Kf6 67. Be4 Ke5 68. b6 Nxb6 69. Kxb6 g4 70. Kc6 gxf3 71. Bxf3 Kf5 72. h4 1-0

[Event "Betsys MČR v online bleskovém šachu 2021"]
[Site "Chess.com"]
[Date "2021.04.17"]
[Round "8"]
[White "hoacin"]
[Black "JakubPulpan"]
[Result "1/2-1/2"]
[WhiteElo "2572"]
[BlackElo "2712"]
[TimeControl "180+1"]
[EndTime "10:23:08 PDT"]
[Termination "Remíza opakováním pozice"]

1. e4 e5 2. Nf3 Nc6 3. Bc4 Bc5 4. c3 Nf6 5. d3 a6 6. Bb3 Ba7 7.
O-O h6 8. Nbd2 d6 9. Nc4 Be6 10. Ne3 Qd7 11. Nh4 Ne7 12. Qf3 O-O-O 13. Nhf5 Nxf5 14.
Nxf5 Bxf5 15. exf5 d5 16. Be3 Bxe3 17. fxe3 Kb8 18.
Qg3 Qe7 19. Qh4 Rhg8 20. Rad1 c6 21. Rd2 e4 22. d4 Qc7 23. Bd1 Nd7 24. Bh5 Nf6 25. Bd1 Ne8 26. Rdf2 f6 27. c4 dxc4 28.
Qxe4 Nd6 29. Qf4 Rge8 30. Bc2 Qb6 31. Qg3 Re7 32. b3 c3 33. Rd1 Ka7 34. e4 Nxe4 35. Bxe4 Rxe4 36. Qxc3 Rdxd4 37. Rxd4 Rxd4 38. Kf1 Rd1+ 39. Ke2 Rd5 40. Rf3 Re5+ 41. Kf1 Qb5+ 42. Kf2 Qd5 43.
g4 Qe4 44. Kg3 Qe1+ 45. Qxe1 Rxe1 46. Rd3 Re7 47. Rd8 a5 48. h4 b5 49. Kf4 c5 50.
Rc8 Kb6 51. Rb8+ Rb7 52. Rc8 Rc7 53. Rb8+ Kc6 54. Ke3 c4 55. bxc4 bxc4 56. Kd4 Kd6 57. Rb6+ Ke7 58. Kc3 h5 59. gxh5 Rc5 60. Rb7+ Kf8 61.
Rb8+ Kf7 62. Rb7+ Kg8 63. a4 Rxf5 64. h6 gxh6 65. Rb5 Rf3+ 66. Kxc4 Rf4+ 67. Kb3 Rxh4 68. Rxa5 h5 69. Ra8+ Kg7 70. a5 Rh1 71. Kb2 h4 72.
a6 Rh2+ 73. Kb3 Rh3+ 74. Kb2 Rh2+ 75. Kb3 Rh3+ 76. Kb2 Rh2+ 1/2-1/2

[Event "Betsys MČR v online bleskovém šachu 2021"]
[Site "Chess.com"]
[Date "2021.04.17"]
[Round "9"]
[White "TarantAnk"]
[Black "Bancroft"]
[Result "0-1"]
[WhiteElo "1724"]
[BlackElo "1922"]
[TimeControl "180+1"]
[EndTime "10:24:55 PDT"]
[Termination "Uživatel Bancroft zvítězil po vzdání soupeře"]

1. e4 c5 2. Nf3 d6 3. d4 cxd4 4. Nxd4 Nf6 5. Nc3 g6 6. Bg5 Bg7 7. Qd2 h6 8. Be3 Nc6 9. O-O-O Ng4 10. Nxc6 bxc6 11. Bd4 e5 12. Be3 Nxe3 13. Qxe3 h5 14. f4 exf4 15. Qxf4 Bh6 0-1

[Event "Betsys MČR v online bleskovém šachu 2021"]
[Site "Chess.com"]
[Date "2021.04.17"]
[Round "9"]
[White "jonvon640"]
[Black "DiscoSTU666"]
[Result "0-1"]
[WhiteElo "1682"]
[BlackElo "1882"]
[TimeControl "180+1"]
[EndTime "10:25:02 PDT"]
[Termination "Uživatel DiscoSTU666 zvítězil po vzdání soupeře"]

1. e4 c5 2. Nf3 d6 3. d4 cxd4 4. Nxd4 Nf6 5. Nc3 a6 6. Bc4 e6 7. Bg5 Be7 8. f3 Qc7 9. Bb3 b5 10. O-O Nc6 11. Nxc6 Qxc6 12. Bxf6 Bxf6 13. Qxd6 Qxd6 0-1

[Event "Betsys MČR v online bleskovém šachu 2021"]
[Site "Chess.com"]
[Date "2021.04.17"]
[Round "9"]
[White "VitaRasik"]
[Black "VojtechPlat"]
[Result "1/2-1/2"]
[WhiteElo "2623"]
[BlackElo "2843"]
[TimeControl "180+1"]
[EndTime "10:25:13 PDT"]
[Termination "Remíza dohodou"]

1. e4 e5 2. Nf3 Nc6 3. Bb5 a6 4. Ba4 g6 5. c3 Bg7 6. d4 exd4 7. cxd4 Nge7 8. d5 b5 9. Bb3 Na5 10. Bd2 Nxb3 11. Qxb3 O-O 12. Bc3 Bxc3+ 13. Nxc3 d6 14. O-O 1/2-1/2

[Event "Betsys MČR v online bleskovém šachu 2021"]
[Site "Chess.com"]
[Date "2021.04.17"]
[Round "9"]
[White "tomasPardubice"]
[Black "sipos88"]
[Result "1-0"]
[WhiteElo "2090"]
[BlackElo "1872"]
[TimeControl "180+1"]
[EndTime "10:25:20 PDT"]
[Termination "Uživatel tomasPardubice zvítězil po vzdání soupeře"]

1. e4 e5 2. Nf3 Nc6 3. Bb5 Bc5 4. O-O d6 5. c3 Bd7 6. d4 exd4 7. cxd4 Bb6 8. Nc3 Nf6 9. h3 O-O 10. Bg5 h6 11. Bh4 a6 12. Ba4 Ba7 13. Nd5 b5 14.
Bc2 Kh8 15. Nxf6 gxf6 16. Qd2 Kh7 17. e5+ Kg7 1-0

[Event "Betsys MČR v online bleskovém šachu 2021"]
[Site "Chess.com"]
[Date "2021.04.17"]
[Round "9"]
[White "jsulc"]
[Black "catanist19"]
[Result "1-0"]
[WhiteElo "2053"]
[BlackElo "1743"]
[TimeControl "180+1"]
[EndTime "10:25:46 PDT"]
[Termination "Uživatel jsulc zvítězil po vzdání soupeře"]

1. d4 d5 2. Nf3 e6 3. e3 Nf6 4.
Bd3 c5 5. c3 Nc6 6. Nbd2 Bd6 7.
O-O O-O 8. dxc5 Bxc5 9. e4 dxe4 10. Nxe4 Nxe4 11. Bxe4 Qxd1 12. Rxd1 Rd8 13. Bf4 Bd7 14.
Bc7 Rdc8 15. Rxd7 Kf8 16. Bg3 Rd8 17. Rxb7 Na5 18. Rb5 1-0

[Event "Betsys MČR v online bleskovém šachu 2021"]
[Site "Chess.com"]
[Date "2021.04.17"]
[Round "9"]
[White "121pepa"]
[Black "JustFilip05"]
[Result "0-1"]
[WhiteElo "1442"]
[BlackElo "2112"]
[TimeControl "180+1"]
[EndTime "10:25:50 PDT"]
[Termination "Uživatel JustFilip05 zvítězil po vzdání soupeře"]

1. d4 e5 2. dxe5 Nc6 3. Nf3 Qe7 4. b3 Nxe5 5. Bb2 Nxf3+ 6. gxf3 Nf6 7. e4 c6 8. Nd2 d5 9. Be2 dxe4 10. fxe4 Nxe4 11.
Nxe4 Qxe4 12. Qd3 Qxh1+ 13. Kd2 Qd5 14. Bd4 Bf5 15. Qe3+ Qe4 16. Qc3 O-O-O 17. Re1 Bb4 18. Qxb4 Rxd4+ 19. Bd3 Qf4+ 20. Kd1 Rxb4 21. Bxf5+ Qxf5 0-1

[Event "Betsys MČR v online bleskovém šachu 2021"]
[Site "Chess.com"]
[Date "2021.04.17"]
[Round "9"]
[White "Newyork6"]
[Black "Maty122"]
[Result "0-1"]
[WhiteElo "331"]
[BlackElo "822"]
[TimeControl "180+1"]
[EndTime "10:25:53 PDT"]
[Termination "Uživatel Maty122 zvítězil matem"]

1. Nf3 d5 2. g3 Nc6 3. Bh3 Bxh3 4. Ng5 Bf5 5. O-O e5 6. Nf3 Nf6 7. Nxe5 Nxe5 8. f3 Bc5+ 9. Kg2 Qd7 10. e3 Bh3+ 11. Kg1 h5 12. Rf2 h4 13. gxh4 Rxh4 14.
f4 Qg4+ 15. Rg2 Qxd1+ 16. Kf2 Ne4# 0-1

[Event "Betsys MČR v online bleskovém šachu 2021"]
[Site "Chess.com"]
[Date "2021.04.17"]
[Round "9"]
[White "PavelNo"]
[Black "DrDANDog"]
[Result "0-1"]
[WhiteElo "1959"]
[BlackElo "1789"]
[TimeControl "180+1"]
[EndTime "10:26:02 PDT"]
[Termination "Uživatel DrDANDog zvítězil matem"]

1. e4 Nf6 2. e5 Nd5 3. d4 d6 4. c4 Nb6 5. exd6 exd6 6. Nc3 Be7 7. Bd3 Nc6 8. Nge2 O-O 9. O-O Bf6 10. Be3 Na5 11. b3 d5 12. c5 Nd7 13. Rc1 b6 14. b4 Nc4 15. Bxc4 dxc4 16. Nd5 bxc5 17. bxc5 Bb7 18. Nxf6+ Nxf6 19. Rxc4 Qd5 20. Rb4 Qxg2# 0-1

[Event "Betsys MČR v online bleskovém šachu 2021"]
[Site "Chess.com"]
[Date "2021.04.17"]
[Round "9"]
[White "TomSedmihradsky"]
[Black "Hollow_Head"]
[Result "0-1"]
[WhiteElo "1413"]
[BlackElo "1083"]
[TimeControl "180+1"]
[EndTime "10:26:10 PDT"]
[Termination "Uživatel Hollow_Head zvítězil matem"]

1. d4 d5 2. c4 dxc4 3. Nc3 Nc6 4. Nf3 Nf6 5. e4 e6 6. a3 Bd7 7. Bxc4 Bd6 8. e5 Be7 9. exf6 Bxf6 10. Be3 Qe7 11.
Ne4 O-O-O 12. Nxf6 Qxf6 13. Bg5 Qf5 14. Bxd8 Rxd8 15. O-O e5 16. d5 Nd4 17. Nxd4 exd4 18.
Qxd4 c6 19. d6 c5 20. Qd5 Qg4 21. Ba6 Bc6 22. Qxc5 Qxg2# 0-1

[Event "Betsys MČR v online bleskovém šachu 2021"]
[Site "Chess.com"]
[Date "2021.04.17"]
[Round "9"]
[White "JonasFadrny"]
[Black "vikysachy"]
[Result "0-1"]
[WhiteElo "734"]
[BlackElo "849"]
[TimeControl "180+1"]
[EndTime "10:26:10 PDT"]
[Termination "Uživatel vikysachy zvítězil matem"]

1. d4 d5 2. Nc3 Nc6 3. Nf3 Nf6 4.
Bf4 e5 5. Nb5 a6 6. Bxe5 Rb8 7.
Nxc7+ Kd7 8. Bg3 Qe8 9. e3 Bb4+ 10. c3 Ba5 11. Bd3 Bxc7 12. Bxc7 Kxc7 13. O-O Bg4 14.
h3 Bxh3 15. gxh3 Qd7 16. Ne5 Nxe5 17. dxe5 Qxh3 18. exf6 gxf6 19. Re1 Rhg8+ 20. Qg4 Rxg4# 0-1